 Dungeon Crawl Stone Soup version 0.29-a0-892-g2c4c91d9db (webtiles) character file.

Game seed: 15820803641163404951

13865 pokeman the Eclecticist (level 11, -4/61 HPs)
             Began as a Deep Elf Hedge Wizard on July 22, 2022.
             Was a Believer of Vehumet.
             Engulfed by a cloud of flame (6 damage)
             ... on level 10 of the Dungeon.
             The game lasted 00:41:16 (16658 turns).

pokeman the Eclecticist (Deep Elf Hedge Wizard)    Turns: 16658, Time: 00:41:17

Health: -4/61      AC: 11    Str:  7    XL:     11   Next: 81%
Magic:  23/33      EV: 11    Int: 24    God:    Vehumet [**....]
Gold:   678        SH:  6    Dex: 10    Spells: 30/42 levels left

rFire   x . .      SeeInvis .   J - +8 hand axe of a treasure trove {elec, rF- rCorr Dex-4 Stlth+}
rCold   . . .      Faith    .   F - +2 buckler
rNeg    + . .      Spirit   .   D - +0 acid dragon scales
rPois   .          Reflect  .   K - +2 hat {Will+}
rElec   .          Harm     .   (no cloak)
rCorr   +          Rampage  .   h - +0 pair of gloves
Will    ++...                   u - +0 pair of boots
Stlth   +++.......              (no amulet)
HPRegen 0.20/turn               i - ring of positive energy
MPRegen 0.23/turn               (no ring)

@: on blink cooldown
A: no striking features
a: Renounce Religion


You were on level 10 of the Dungeon.
You worshipped Vehumet.
Vehumet was pleased with you.
You visited 2 branches of the dungeon, and saw 12 of its levels.
You also visited: Ossuary and Bailey.

You collected 722 gold pieces.
You spent 44 gold pieces at shops.

Inventory:

Hand Weapons
 A - a +0 shortbow
 J - the +8 hand axe of a treasure trove (weapon) {elec, rF- rCorr Dex-4 Stlth+}
   (You found it on level 8 of the Dungeon)

   It occasionally discharges a powerful burst of electricity upon striking a
   foe.
   Dex:       It affects your dexterity (-4).
   rF:        It makes you vulnerable to fire.
   rCorr:     It protects you from acid and corrosion.
   Stlth:     It makes you more stealthy.
 S - the +7 mace "Suzesh" {flame, Str+5}
   (You found it on level 10 of the Dungeon)

   It burns those it strikes, dealing additional fire damage.
   Str:       It affects your strength (+5).
Armour
 h - a +0 pair of gloves (worn)
 u - a +0 pair of boots (worn)
 D - +0 acid dragon scales (worn)
 E - a +0 leather armour of fire resistance
 F - a +2 buckler (worn)
 K - a +2 hat of willpower (worn)
Jewellery
 i - a ring of positive energy (left hand)
Wands
 y - a wand of polymorph (32)
 B - a wand of flame (14)
 R - a wand of iceblast (5)
Scrolls
 e - 2 scrolls of blinking {unknown}
 f - 13 scrolls of identify {unknown}
 g - 4 scrolls of vulnerability {unknown}
 j - 4 scrolls of immolation {unknown}
 k - 2 scrolls of silence {unknown}
 n - 4 scrolls of fog {unknown}
 q - 6 scrolls of teleportation {unknown}
 r - 3 scrolls of torment {unknown}
 w - 2 scrolls of magic mapping {unknown}
 x - a scroll of amnesia {unknown}
 z - 5 scrolls of enchant weapon
 H - 3 scrolls of fear {unknown}
 I - 2 scrolls of poison {unknown}
 O - 4 scrolls of enchant armour
 P - a scroll of acquirement
 Q - 3 scrolls of summoning
Potions
 a - 2 potions of attraction {unknown}
 b - 5 potions of heal wounds {unknown}
 d - a potion of magic
 l - a potion of haste {unknown}
 m - 8 potions of curing
 o - 2 potions of invisibility {unknown}
 p - 6 potions of mutation {unknown}
 s - 3 potions of might {unknown}
 t - 2 potions of ambrosia {unknown}
 v - 6 potions of brilliance {unknown}
 C - a potion of resistance {unknown}
 G - 4 potions of flight {unknown}
 M - 2 potions of experience {unknown}
 N - a potion of cancellation {unknown}
Miscellaneous
 L - a phantom mirror


   Skills:
 - Level 4.0 Fighting
 - Level 3.0 Armour
 - Level 3.0 Dodging
 - Level 3.0 Stealth
 + Level 4.5 Shields
 * Level 16.1 Spellcasting
 + Level 9.5 Conjurations
 - Level 1.1 Summonings
 - Level 1.1 Translocations
 + Level 9.0 Fire Magic
 - Level 1.0 Air Magic
 - Level 1.1 Poison Magic
 - Level 1.0 Evocations


You had 30 spell levels left.
You knew the following spells:

 Your Spells              Type           Power      Damage    Failure   Level
a - Magic Dart            Conj           100%       1d8       1%          1
b - Mephitic Cloud        Conj/Pois/Air  38%        N/A       4%          3
c - Call Imp              Summ           24%        N/A       6%          2
d - Blink                 Tloc           48%        N/A       6%          2
e - Conjure Flame         Conj/Fire      59%        6-21      1%          3
f - Foxfire               Conj/Fire      100%       2x1d9     1%          1

Your spell library contained the following spells:

 Spells                   Type           Power      Damage    Failure   Level
 Scorch                   Fire           100%       2d10      1%          2
 Slow                     Hex            76%        N/A       7%          1
 Iskenderun's Mystic Bla  Conj/Tloc      44%        2d10      8%          4
 Sublimation of Blood     Necr           19%        N/A       10%         2
 Fulminant Prism          Conj/Hex       21%        3d13      10%         4
 Irradiate                Conj/Tmut      21%        3d18      26%         5
 Petrify                  Tmut/Erth      19%        N/A       54%         4
 Lee's Rapid Deconstruct  Erth           9%         3d8*      88%         5
 Malign Gateway           Summ/Tloc      12%        N/A       100%        7
 Summon Horrible Things   Summ           12%        N/A       100%        8


Dungeon Overview and Level Annotations

Branches:
Dungeon (11/15)            Temple (1/1) D:7            Lair (0/5) D:10
Ossuary (visited)          Bailey (visited)
    Orc: D:9-12

Altars:
Ashenzari
Cheibriados
Dithmenos
Elyvilon
Fedhas
Gozag
Hepliaklqana
Kikubaaqudgha
Makhleb
Nemelex Xobeh
Okawaru
Qazlal
Ru
Sif Muna
Trog
Uskayaw
Vehumet
Wu Jian
Xom
Yredelemnul
Zin
The Shining One

Shops:
D:3 [   D:4 !   D:6 ::   D:7 [


Message History

Press: ? - help, Shift-Dir - straight line, f - vampire mosquito
Aim: a vampire mosquito (chance to affect: 50%)
The vampire mosquito resists with significant effort.
The vampire mosquito bites you.
* * * LOW HITPOINT WARNING * * *
The vampire mosquito draws strength from your injuries!
That's the wrong kind of item! (Use * to select it.) Evoke which item? (* to show all) (? for menu, Esc to quit)
Okay, then.
Unknown command.
Aiming: Paralyse
Press: ? - help, Shift-Dir - straight line, f/p - vampire mosquito
Aim: a vampire mosquito (chance to affect: 50%)
The vampire mosquito resists with significant effort.
The vampire mosquito barely misses you.
Aiming: Paralyse
Press: ? - help, Shift-Dir - straight line, f/p - vampire mosquito
Aim: a vampire mosquito (chance to affect: 50%)
The vampire mosquito resists with significant effort.
The now-empty wand crumbles to dust.
You feel stable enough to blink again.
You block the vampire mosquito's attack.
The vampire mosquito bites you!
* * * LOW HITPOINT WARNING * * *
The vampire mosquito draws strength from your injuries!
You don't have any such object.
Evoke which item? (* to show all) (? for menu, Esc to quit)
Okay, then.
Unknown command.
Aiming: Polymorph
Press: ? - help, Shift-Dir - straight line, f - vampire mosquito, p - vampire mosquito
Aim: a vampire mosquito (heavily damaged, not susceptible)
Okay, then.
Unknown command.
Okay, then.
Unknown command.
Casting: Blink (safe; 6% risk of failure)
Confirm with . or Enter, or press ? or * to list all spells.
You blink.
You are engulfed in blazing flames.
You die...

.#######........# #........#
## #........# #........#
########## #........#
####...### # #..#.# ########
#.##.### .......## #.##...#
####.#..##############.####.#
####............@÷÷yy§......#
......########..######>######
##...## #.....##..#
#.#.#########.....#..##
#.#.##............#>##
##.#.##....###.....#.#
...#.##.#...≈...#.##.#
.......#..#...#..##..#
#.#..#.#.##P..##.#..##


You could see 2 vampire mosquitoes.

Vanquished Creatures
  Gastronok (D:9)
  A hydra (D:11)
  A two-headed ogre (D:10)
  2 orc knights (Bailey)
  An oklob plant (D:10)
  A manticore (D:11)
  Joseph (D:7)
  Prince Ribbit (D:5)
  A hornet (D:11)
  2 wraiths
  3 shadows
  21 yaks
  A wyvern (D:7)
  2 acid dragons
  A water moccasin (D:5)
  13 orc warriors
  An ice beast (D:7)
  A black bear (D:5)
  An ogre (D:3)
  A centaur (D:8)
  2 kobold brigands
  4 bullfrogs
  2 gnoll sergeants (D:8)
  7 scorpions
  A water moccasin zombie (Ossuary)
  2 necrophages
  A wight (Ossuary)
  24 killer bees
  2 howler monkeys
  4 centaur zombies (Ossuary)
  A bullfrog zombie (Ossuary)
  A human zombie (Ossuary)
  4 jellies
  4 orc priests
  2 hounds
  A gnoll bouda (D:9)
  5 orc wizards
  4 adders
  13 gnolls
  A shadow imp (D:6)
  2 white imps (D:7)
  2 ufetubi (D:5)
  8 adder zombies (Ossuary)
  A worm (D:2)
  3 dart slugs
  39 orcs
  3 ball pythons
  4 bats
  8 endoplasms
  3 giant cockroaches
  A gnoll zombie (Ossuary)
  10 goblins
  9 hobgoblins
  8 jackals
  2 quokkas
  2 goblin zombies (Ossuary)
  6 hobgoblin zombies (Ossuary)
  15 kobolds
  An orc zombie (Ossuary)
  6 rats
275 creatures vanquished.

Vanquished Creatures (collateral kills)
  2 killer bees
  2 orc priests (D:4)
  A gnoll (D:8)
  2 orcs (D:4)
  4 kobolds
11 creatures vanquished.

Vanquished Creatures (others)
  A killer bee (D:9)
  An electric eel (D:6)
  An orc wizard (D:7)
  83 foxfires
  3 withered plants (D:8)
89 creatures vanquished.

Grand Total: 375 creatures vanquished

Notes
Turn   | Place    | Note
-------+----------+-------------------------------------------
     0 | D:1      | pokeman the Deep Elf Hedge Wizard began the quest for the
                  | Orb.
     0 | D:1      | Reached XP level 1. HP: 10/10 MP: 7/7
   254 | D:1      | Reached XP level 2. HP: 5/15 MP: 1/9
   866 | D:1      | Reached skill level 5 in Spellcasting
  1203 | D:1      | Reached XP level 3. HP: 20/20 MP: 9/11
  1207 | D:1      | Learned a level 3 spell: Mephitic Cloud
  1210 | D:1      | Learned a level 2 spell: Call Imp
  1213 | D:1      | Learned a level 2 spell: Blink
  1217 | D:1      | Learned a level 3 spell: Conjure Flame
  1805 | D:2      | Reached skill level 1 in Armour
  1986 | D:2      | You fall into a shaft and drop 2 floors!
  2033 | D:4      | Found Fioroe's Distillery.
  2042 | D:4      | Bought a potion of curing for 33 gold pieces
  2042 | D:4      | Bought a potion of degeneration for 11 gold pieces
  2109 | D:4      | Reached skill level 1 in Fighting
  2143 | D:4      | Found a sacrificial altar of Ru.
  2239 | D:4      | Reached XP level 4. HP: 13/25 MP: 10/13
  2416 | D:3      | Found a burning altar of Makhleb.
  2701 | D:2      | Reached skill level 6 in Spellcasting
  2761 | D:2      | Reached XP level 5. HP: 26/29 MP: 15/15
  2933 | D:3      | Found Mukos's Armour Emporium.
  3120 | D:3      | Noticed an ogre
  3126 | D:3      | Killed an ogre
  3127 | D:3      | Reached skill level 1 in Fire Magic
  3127 | D:3      | Reached skill level 1 in Poison Magic
  3322 | D:3      | Found a faded altar of an unknown god.
  3326 | D:3      | Found a hazy altar of Hepliaklqana.
  4065 | D:4      | Reached XP level 6. HP: 34/34 MP: 8/17
  4399 | D:4      | Reached skill level 7 in Spellcasting
  4399 | D:4      | Reached skill level 1 in Air Magic
  4662 | D:5      | Entered Level 5 of the Dungeon
  4677 | D:5      | Noticed a water moccasin
  4688 | D:5      | Killed a water moccasin
  4796 | D:5      | Found a shimmering blue altar of Sif Muna.
  4970 | D:5      | Reached XP level 7. HP: 39/39 MP: 4/20
  5354 | D:5      | Reached skill level 8 in Spellcasting
  5761 | D:5      | Noticed Prince Ribbit
  5782 | D:5      | Killed Prince Ribbit
  6170 | D:6      | Reached XP level 8. HP: 15/44 MP: 2/22
  6179 | D:6      | Reached skill level 9 in Spellcasting
  6524 | D:6      | Found Ludiditel's Book Boutique.
  6533 | D:6      | Found Daydd's Book Boutique.
  6855 | D:6      | Found an ancient bone altar of Kikubaaqudgha.
  6917 | D:6      | Reached skill level 5 in Conjurations
  7183 | D:6      | Reached skill level 10 in Spellcasting
  7791 | D:7      | Noticed Joseph
  8216 | D:7      | Reached skill level 1 in Evocations
  8380 | D:7      | Reached XP level 9. HP: 25/49 MP: 16/25
  8945 | D:7      | Killed Joseph
  8946 | D:7      | Reached skill level 11 in Spellcasting
  8946 | D:7      | Reached skill level 5 in Fire Magic
  9080 | D:7      | Found Xaptal's Armour Boutique.
  9402 | D:7      | Found a white marble altar of Elyvilon.
  9517 | D:7      | Found a staircase to the Ecumenical Temple.
  9524 | Temple   | Entered the Ecumenical Temple
 10474 | D:8      | Found a basalt altar of Yredelemnul.
 10523 | D:8      | Reached skill level 12 in Spellcasting
 10660 | D:8      | Found a sand-covered staircase.
 10690 | Ossuary  | Entered an ossuary
 11544 | Ossuary  | Noticed a silent spectre
 11768 | D:8      | Reached XP level 10. HP: 37/56 MP: 15/28
 11896 | D:8      | Identified the +8 hand axe of a treasure trove {elec, rF-
                  | rCorr Dex-4 Stlth+}
 12800 | D:9      | Reached skill level 1 in Shields
 12800 | D:9      | Reached skill level 13 in Spellcasting
 12894 | D:9      | Noticed Gastronok
 12911 | D:9      | Killed Gastronok
 13331 | D:9      | Reached skill level 14 in Spellcasting
 13554 | D:9      | Found a glowing silver altar of Zin.
 13949 | D:9      | Found a radiant altar of Vehumet.
 13949 | D:9      | Found a broken altar of Ashenzari.
 14051 | D:10     | Entered Level 10 of the Dungeon
 14061 | D:10     | Noticed a two-headed ogre
 14086 | D:10     | Killed a two-headed ogre
 14087 | D:10     | Reached XP level 11. HP: 61/61 MP: 14/31
 14135 | D:9      | Became a worshipper of Vehumet
 14208 | D:10     | Found a flagged portal.
 14236 | D:10     | HP: 2/61 [shadow (5)]
 14350 | Bailey   | Entered a bailey
 14833 | Bailey   | Noticed an orc knight
 14833 | Bailey   | Noticed an orc knight
 14867 | Bailey   | Killed an orc knight
 14867 | Bailey   | Reached * piety under Vehumet
 14867 | Bailey   | Offered knowledge of Foxfire by Vehumet.
 14874 | Bailey   | Learned a level 1 spell: Foxfire
 15042 | Bailey   | Killed an orc knight
 15043 | Bailey   | Reached skill level 15 in Spellcasting
 15239 | D:10     | Found a staircase to the Lair.
 15239 | D:10     | Noticed an oklob plant
 15290 | D:10     | Identified the +7 mace "Suzesh" {flame, Str+5}
 15800 | D:10     | Killed an oklob plant
 16028 | D:11     | Noticed a seven-headed hydra
 16041 | D:11     | Killed an eight-headed hydra
 16382 | D:10     | Reached skill level 16 in Spellcasting
 16563 | D:11     | Reached ** piety under Vehumet
 16563 | D:11     | Offered knowledge of Scorch by Vehumet.
 16617 | D:11     | Noticed a six-headed hydra
 16637 | D:11     | Identified the ring of Pragmatism {Fire Will+ Int+3}
 16657 | D:10     | HP: 2/61 [vampire mosquito (8)]
 16658 | D:10     | Engulfed by a cloud of flame

Illustrated notes

Levels and vault maps discovered:
D:1:      dreamdust_arrival_sigmund_warning, layout_basic
D:2:      layout_rooms, serial_bayou_pond_b
D:3:      layout_loops_corners, nicolae_overflow_ecumenical_swirl,
          mainiacjoe_overflow_boulevard, serial_shops,
          nicolae_shop_advertising_works [nicolae_subvault_shop_adworks]
D:4:      layout_loops_ring, lemuel_crystal_altar, serial_shops,
          nicolae_diamond_shop, kennysheep_generic_room_2
D:5:      layout_basic, lemuel_doored_altar, minmay_misc_feat_hallway,
          uniq_prince_ribbit1
D:6:      layout_loops_corners, lemuel_tele_altar, nicolae_wooded_promenade
D:7:      layout_rooms, mainiacjoe_overflow_brackets,
          minmay_temple_entry_junction_2, serial_shops,
          nicolae_shop_competitors_out_of_business, minmay_small_thing,
          uniq_joseph
D:8:      layout_loops_corners, yredelemnul_altar_generic,
          chequers_ossuary_entry_cave, minmay_diced_spiral
D:9:      layout_irregular_city, old_standard_altar,
          nicolae_overflow_hidden_temple, uniq_gastronok
D:10:     layout_rooms, dpeg_oklobed_lair, enter_bailey_3, dk_vineyard_1
D:11:     layout_long_grid, hiddenorc1_lemuel
Temple:   hc_temple_tempest_star

Skill      XL: |  1  2  3  4  5  6  7  8  9 10 11 |
---------------+----------------------------------+-----
Spellcasting   | 5 6 7 8 10 12 14 16 | 16.1
Armour         | 1 2 3 |  3.0
Fighting       | 1 2 3 4 |  4.0
Conjurations   | 2 3 4 5 7 8 9 |  9.5
Stealth        | 3 |  3.0
Dodging        | 3 |  3.0
Fire Magic     | 1 3 4 6 7 9 |  9.0
Poison Magic   | 1 |  1.1
Air Magic      | 1 |  1.0
Evocations     | 1 |  1.0
Shields        | 3 4 |  4.5
Summonings     | |  1.1
Translocations | |  1.1

Action                   |  1- 3 |  4- 6 |  7- 9 | 10-12 || total
-------------------------+-------+-------+-------+-------++-------
Melee: Short sword       |     4 |       |       |       ||     4
       Hand axe          |       |    25 |       |   122 ||   147
       Flail             |       |       |    48 |       ||    48
       Dagger            |       |       |    85 |       ||    85
       Punch             |       |       |     5 |     2 ||     7
       Spear             |       |       |    51 |       ||    51
 Cast: Magic Dart        |    99 |    91 |   158 |    63 ||   411
       Call Imp          |     2 |     3 |     6 |     8 ||    19
       Mephitic Cloud    |       |     3 |    37 |    36 ||    76
       Conjure Flame     |       |     2 |    28 |    48 ||    78
       Blink             |       |     1 |     1 |     8 ||    10
       Foxfire           |       |       |       |    46 ||    46
Evoke: Wand              |       |       |       |    21 ||    21
 Stab: Confused          |       |     2 |    15 |     9 ||    26
       Sleeping          |       |       |     1 |       ||     1
       Paralysed         |       |       |       |     7 ||     7
Armor: Robe              |     2 |     6 |       |       ||     8
       Leather armour    |       |     5 |    46 |       ||    51
       Acid dragon scale |       |       |       |    49 ||    49
Dodge: Dodged            |     9 |    25 |   109 |    88 ||   231
Block: Buckler           |       |       |       |    14 ||    14

Table legend: (Time is in decaauts)
 A = Elapsed time spent in this place.
 B = Non-inter-level travel time spent in this place.
 C = Inter-level travel time spent in this place.
 D = Time resting spent in this place.
 E = Time spent auto-exploring this place.
 F = Levels seen in this place.
 G = Mean time per level.
                   A        B        C        D        E       F      G
               +--------+--------+--------+--------+--------+-----+--------+
         Total |  16814 |  16327 |    487 |   2410 |  11048 |  14 | 1201.0 |
       Dungeon |  14758 |  14303 |    455 |   1912 |   9969 |  11 | 1341.6 |
        Temple |    289 |    258 |     31 |      0 |    243 |   1 |  289.0 |
       Ossuary |    895 |    895 |      0 |    262 |    423 |   1 |  895.0 |
        Bailey |    870 |    870 |      0 |    236 |    413 |   1 |  870.0 |
               +--------+--------+--------+--------+--------+-----+--------+

Top non-repeatable levels by time:
     D:6: 2582 daAuts
     D:1: 1615 daAuts
     D:9: 1566 daAuts
    D:10: 1469 daAuts
     D:5: 1426 daAuts
     D:7: 1414 daAuts
     D:8: 1353 daAuts
     D:3: 1110 daAuts
     D:4: 1060 daAuts
 Ossuary: 895 daAuts
     D:2: 880 daAuts
  Bailey: 870 daAuts
  Temple: 289 daAuts
    D:11: 277 daAuts
